AoeStats
← Patagón

Arena

506786425Analyzed
1v1 RM · 16d ago on Sep 15, 2026· 82m 17s· 2 players
Game mode
Random Map
Map size
Tiny (2 player)
Population
200
Speed
Normal
Resources
Standard
Victory
Conquest
Starting age
Dark Age
Ending age
Imperial Age
RankedLock teamsTeams togetherTeam positionsShared explorationLock speedFull tech treeHidden civsTurbo modeCheats
Victory
Defeat
🇨🇱 Ethiopians · Chile
485
+12
🇺🇸 Britons · United States
396
-12
NappyBonpart
15:35 Feudal Age
16:02 Double-Bit Axe
16:03 Horse Collar
16:49 Stone Mining
16:53 Gold Mining
18:31 Wheelbarrow
25:27 Castle Age
23:34 Scale Mail Armor
23:45 Forging
23:43 Scale Barding Armor
23:39 Padded Archer Armor
23:30 Fletching
26:12 Heavy Plow
26:25 Bow Saw
26:34 Elite Skirmisher
27:32 Leather Archer Armor
27:13 Bodkin Arrow
27:35 Chain Mail Armor
27:55 Iron Casting
29:22 Gold Shaft Mining
29:54 Hand Cart
32:21 Fortified Wall
39:09 Murder Holes
39:25 Masonry
42:05 Imperial Age
40:52 Fervor
41:27 Loom
41:19 Pikeman
42:34 Ballistics
44:18 Chemistry
44:23 Two-Man Saw
43:58 Architecture
44:01 Ring Archer Armor
43:32 Bracer
44:18 Squires
44:07 Gambesons
44:35 Bracer
46:40 Elite Longbowman
47:27 Halberdier
48:40 Conscription
52:10 Plate Mail Armor
52:42 Blast Furnace
60:16 Sanctity
61:01 Yeomen
63:00 Guilds
63:21 Siege Engineers
67:45 Illumination
67:37 Block Printing
Patagón
0:59 Loom
12:47 Feudal Age
14:10 Wheelbarrow
13:21 Town Watch
13:23 Double-Bit Axe
14:44 Gold Mining
14:47 Stone Mining
17:57 Fletching
20:17 Horse Collar
23:10 Castle Age
23:26 Forging
23:22 Scale Barding Armor
24:17 Hand Cart
24:14 Bow Saw
24:38 Light Cavalry
26:58 Stone Shaft Mining
27:02 Gold Shaft Mining
26:42 Guard Tower
27:43 Fortified Wall
27:47 Fervor
27:56 Bodkin Arrow
29:21 Husbandry
30:01 Iron Casting
30:34 Chain Barding Armor
30:37 Heavy Plow
31:03 Ballistics
31:51 Town Patrol
33:47 Masonry
38:31 Imperial Age
36:13 Padded Archer Armor
39:39 Leather Archer Armor
41:33 Chemistry
41:37 Blast Furnace
40:37 Bracer
42:13 Two-Man Saw
42:45 Conscription
41:53 Cavalier
43:16 Keep
43:12 Architecture
43:26 Illumination
43:37 Theocracy
42:44 Cavalier
43:50 Siege Engineers
44:19 Ring Archer Armor
45:01 Elite Skirmisher
48:12 Scale Mail Armor
49:06 Thumb Ring
48:35 Capped Ram
49:54 Chain Mail Armor
54:03 Siege Ram
55:54 Elite Shotel Warrior
56:35 Royal Heirs
59:35 Crossbowman
60:50 Plate Mail Armor
63:16 Sanctity
62:54 Herbal Medicine
66:20 Arbalester
Connection lost

Rejoining the realm…

Still unreachable

The connection could not be restored.

Session expired

The server has moved on; the page needs a fresh start.